 Dungeon Crawl Stone Soup version 0.26.1-11-gd32895ea62 (webtiles) character file.

Game seed: 832947449602322392

85 Mattiprrivan the Chopper (level 4, -1/46 HPs)
             Began as a Halfling Berserker on June 10, 2021.
             Was a Believer of Trog.
             Slain by a gnoll
             ... wielding a +0 spear
              (8 damage)
             ... on level 2 of the Dungeon.
             The game lasted 00:11:12 (1823 turns).

Mattiprrivan the Chopper (Halfling Berserker)       Turns: 1823, Time: 00:11:14

Health: -1/46      AC:  2    Str: 19    XL:     4   Next: 75%
Magic:  4/4        EV: 15    Int:  5    God:    Trog [**....]
Gold:   94         SH:  0    Dex: 13    Spells: 3/3 levels left

rFire    . . .     SeeInvis .   a - +0 hand axe
rCold    . . .     Faith    .   (shield restricted)
rNeg     . . .     Spirit   .   b - +0 animal skin
rPois    .         Reflect  .   (no helmet)
rElec    .         Harm     .   (no cloak)
rCorr    .         Rampage  .   (no gloves)
Will     .....                  (no boots)
Stlth    ..........             (no amulet)
HPRegen  0.15/turn              (no ring)
MPRegen  0.09/turn              (no ring)

@: berserking, very quick
A: small, mutation resistance 1
a: Renounce Religion, Berserk, Trog's Hand


You were on level 2 of the Dungeon.
You worshipped Trog.
Trog was pleased with you.
You visited 1 branch of the dungeon, and saw 2 of its levels.

You collected 94 gold pieces.

Inventory:

Hand Weapons
 a - a +0 hand axe (weapon)
Armour
 b - a +0 animal skin (worn)
Scrolls
 c - a scroll of identify


   Skills:
 * Level 3.2 Fighting
 * Level 4.1 Axes
 * Level 2.4 Armour
 * Level 2.7 Dodging
 * Level 1.1 Stealth


You had 3 spell levels left.
You didn't know any spells.
Your spell library was empty.

Dungeon Overview and Level Annotations

Branches:
Dungeon (2/15)

Altars:
Kikubaaqudgha


Innate Abilities, Weirdness & Mutations

You are small and have problems with some larger weapons.
You are somewhat resistant to further mutation.


Message History

Press: ? - help, Dir - move target, f/p - gnoll
Aim: a gnoll, wielding a +0 whip (severely wounded)
You closely miss the gnoll.
The gnoll is severely wounded.
Cleave: a) +0 hand axe
Press: ? - help, Dir - move target, f/p - gnoll
Aim: a gnoll, wielding a +0 whip (severely wounded)
You barely miss the gnoll.
The gnoll is severely wounded.
The gnoll hits you from afar with a +0 spear!
The gnoll hits you with a +0 whip!
* * * LOW HITPOINT WARNING * * *
Cleave: a) +0 hand axe
Press: ? - help, Dir - move target, f/p - gnoll
Aim: a gnoll, wielding a +0 whip (severely wounded)
You slash the gnoll!
You kill the gnoll!
Trog accepts your kill.
The gnoll hits you from afar with a +0 spear!
You die...

####.........##.#
# ###
######..#.##.#
#.####.. .#
#..#.##.#
###.#....# #.##
#........
.........##....
...#.####
#......#.....
####.####
#...†.[......
##.. #..g)†# #..
#.###@# ##..
##.## ..... #8.8#
###.. ##.## #..
##.## #.. #8.8#
#####.. ##.##
#...... ##.##
#.###.# #8.8# #.#


You could see a gnoll.

Vanquished Creatures
  2 gnolls (D:2)
  2 adders (D:2)
  An ooze (D:1)
  A worm (D:2)
  5 bats
  6 goblins (D:1)
  7 hobgoblins
  8 jackals
  2 quokkas (D:2)
  A ball python (D:1)
  A frilled lizard (D:1)
  5 kobolds
  6 rats
47 creatures vanquished.

Notes
Turn   | Place    | Note
-------+----------+-------------------------------------------
     0 | D:1      | Mattiprrivan the Halfling Berserker began the quest for the
                  | Orb.
     0 | D:1      | Reached XP level 1. HP: 15/15 MP: 1/1
    80 | D:1      | Reached XP level 2. HP: 16/20 MP: 2/2
   457 | D:1      | Reached XP level 3. HP: 25/26 MP: 3/3
  1018 | D:1      | Reached ** piety under Trog
  1335 | D:2      | Reached XP level 4. HP: 26/31 MP: 4/4
  1601 | D:2      | Reached skill level 4 in Axes
  1601 | D:2      | Reached skill level 1 in Stealth
  1756 | D:2      | Found an ancient bone altar of Kikubaaqudgha.
  1823 | D:2      | Slain by a gnoll

Illustrated notes

Levels and vault maps discovered:
D:1:      nicolae_arrival_washed_ashore, layout_basic
D:2:      layout_loops_cross, nicolae_overflow_hidden_temple, serial_glass,
          glass_columns_a, glass_columns_a, glass_columns_a, glass_columns_a,
          dk_noncrumbling_2

Skill      XL: |  1  2  3  4 |
---------------+-------------+-----
Fighting       | 3 |  3.2
Axes           | 4 |  4.1
Stealth        | 1 |  1.1
Armour         | |  2.4
Dodging        | |  2.7

Action                   |  1- 3 |  4- 6 || total
-------------------------+-------+-------++-------
Melee: Hand axe          |    88 |    26 ||   114
Invok: Berserk           |     2 |     2 ||     4
  Use: Scroll            |     1 |     1 ||     2
       Potion            |     1 |       ||     1
 Stab: Sleeping          |     1 |       ||     1
Armor: Animal skin       |     8 |     1 ||     9
Dodge: Dodged            |    69 |    26 ||    95
